 Dungeon Crawl Stone Soup version 0.30-a0-55-g90e3122c3a (webtiles) character file.

Game seed: 11202735251989473108

3212 Decritt the Fighter (level 9, -6/63 HPs)
             Began as a Gargoyle Fighter on Sept 10, 2022.
             Mangled by an orc knight
             ... wielding a +0 glaive
              (12 damage)
             ... in a bailey.
             The game lasted 00:18:11 (9373 turns).

Decritt the Fighter (Gargoyle Fighter)              Turns: 9373, Time: 00:18:12

Health: -6/63      AC: 23    Str: 25    XL:     9   Next: 97%
Magic:  9/9        EV:  6    Int:  8    God:
Gold:   512        SH: 13    Dex:  9    Spells: 8/8 levels left

rFire   + . .      SeeInvis +    m - +4 morningstar
rCold   . . .      Faith    .    e - +0 tower shield
rNeg    + . .      Spirit   .    b - +0 scale mail
rPois   ∞          Reflect  .    r - +2 helmet {SInv}
rElec   +          Harm     .    o - +0 cloak
rCorr   .          Rampage  .    E - +2 pair of gloves
Will    .....                    (no boots)
Stlth   ..........               (no amulet)
HPRegen 0.20/turn                k - ring of protection from fire
MPRegen 0.11/turn                l - ring of see invisible

@: mighty
A: sickness immunity, AC +6, negative energy resistance 1, electricity
resistance, torment resistance 1, petrification resistance
a: no special abilities


You were in a bailey.
You visited 2 branches of the dungeon, and saw 9 of its levels.
You also visited: Sewer and Bailey.

You collected 512 gold pieces.

Inventory:

Hand Weapons
 a - a +0 flail
 m - a +4 morningstar (weapon)
 u - a +2 demon trident of protection
 H - a +0 morningstar
Missiles
 y - 9 poisoned darts (quivered)
 z - 2 throwing nets
Armour
 b - a +0 scale mail (worn)
 c - a +0 buckler
 e - a +0 tower shield (worn)
 i - a scarf of repulsion
 o - a +0 cloak (worn)
 r - a +2 helmet of see invisible (worn)
 E - a +2 pair of gloves (worn)
Jewellery
 h - the amulet of Elemental Vulnerability {rPois rF-- rC-- AC+8}
   (You found it on level 5 of the Dungeon)

   [amulet of nothing]

   AC:        It affects your AC (+8).
   rF:        It makes you very vulnerable to fire.
   rC:        It makes you very vulnerable to cold.
   rPois:     It protects you from poison.
 k - a ring of protection from fire (left hand)
 l - a ring of see invisible (right hand)
Wands
 B - a wand of flame (10)
Scrolls
 g - 2 scrolls of vulnerability {unknown}
 j - a scroll of fear {unknown}
 x - 2 scrolls of enchant armour {unknown}
 D - a scroll of blinking
 G - a scroll of teleportation
Potions
 d - 3 potions of mutation
 f - 3 potions of lignification
 n - a potion of ambrosia
 p - 3 potions of cancellation {unknown}
 q - 5 potions of magic
 s - a potion of flight {unknown}
 t - a potion of berserk rage {unknown}
 v - 2 potions of invisibility
 w - 2 potions of brilliance
 A - a potion of curing
 C - 5 potions of haste {unknown}
 F - 4 potions of resistance
 I - 2 potions of heal wounds {unknown}
 J - 3 potions of might


   Skills:
 + Level 10.3 Fighting
 * Level 3.9 Maces & Flails
 + Level 9.1 Armour
 + Level 7.3 Shields


You had 8 spell levels left.
You didn't know any spells.
Your spell library contained the following spells:

 Spells                   Type           Power      Damage    Failure   Level
 Inner Flame              Hex/Fire       0%         N/A       100%        3
 Cause Fear               Hex            0%         N/A       100%        4
 Discord                  Hex            0%         N/A       100%        8


Dungeon Overview and Level Annotations

Branches:
Dungeon (8/15)             Temple (1/1) D:4           Sewer (visited)
 Bailey (1/1)
   Lair: D:8-11

Altars:
Ashenzari
Cheibriados
Dithmenos
Elyvilon
Fedhas
Gozag
Hepliaklqana
Kikubaaqudgha
Makhleb
Nemelex Xobeh
Okawaru
Qazlal
Sif Muna
Trog
Uskayaw
Vehumet
Wu Jian
Xom
Yredelemnul
Zin

Shops:
D:4 :


Innate Abilities, Weirdness & Mutations

You are immune to sickness and miasma.
Your stone body is resilient. (AC +6)
You are immune to poison.
You resist negative energy. (rN+)
You are resistant to electric shocks. (rElec)
You are resistant to unholy torment.
You are immune to petrification.


Message History

The orc knight looks more healthy.
You block the orc knight's attack.
The orc knight hits you with a +0 glaive!
* * * LOW HITPOINT WARNING * * *
You thump the orc knight!
The orc knight is lightly wounded.
The orc knight hits you with a +0 glaive.
* * * LOW HITPOINT WARNING * * *
The orc knight hits you but does no damage.
You feel very mighty all of a sudden.
The orc knight hits you but does no damage.
You puncture the orc knight!
The orc knight is moderately wounded.
The orc knight barely misses you.
You sock the orc knight!
The orc knight is heavily wounded.
The orc knight hits you with a +0 glaive.
* * * LOW HITPOINT WARNING * * *
The orc knight hits you with a +0 glaive.
* * * LOW HITPOINT WARNING * * *
You barely miss the orc knight.
The orc knight is heavily wounded.
You block the orc knight's attack.
The orc knight hits you but does no damage.
You puncture the orc knight!
The orc knight is severely wounded.
The orc knight hits you but does no damage.
You puncture the orc knight!
The orc knight is almost dead.
The orc knight hits you but does no damage.
You block the orc knight's attack.
You closely miss the orc knight.
The orc knight is almost dead.
The orc knight hits you with a +0 glaive!
* * * LOW HITPOINT WARNING * * *
Okay, then.
Okay, then.
You closely miss the orc knight.
The orc knight is almost dead.
The orc knight hits you with a +0 glaive!
You die...

#...#
#...#
#...#
#)..#
###)###
##.)().##
#..))...#
#..#8#..#
#..#.#@.#
#....o..#
#(......#
##.....##
##'''##
#.....#
#.....#
#.....#
#.....#


You could see an orc knight.

Vanquished Creatures
  Maggie (D:7)
  A wyvern (D:7)
  A steam dragon (D:7)
  Duvessa (D:7)
  2 ice beasts
  4 orc warriors
  A sky beast (D:6)
  3 black bears
  A centaur (D:7)
  A phantom (D:4)
  4 kobold brigands
  2 bullfrogs
  2 scorpions
  4 wights
  Dowan (D:7)
  An orc priest (D:8)
  2 jellies (D:5)
  Jessica (D:3)
  3 iguanas
  4 orc wizards
  10 adders
  7 gnolls
  7 river rats
  A shadow imp (D:6)
  2 white imps
  An ufetubus (D:4)
  5 worms
  5 dart slugs
  33 orcs
  16 ball pythons
  4 bats
  5 endoplasms
  3 giant cockroaches
  6 goblins
  3 hobgoblins
  4 jackals (D:5)
  5 quokkas
  4 frilled lizards
  18 kobolds
  29 rats
208 creatures vanquished.

Notes
Turn   | Place    | Note
-------+----------+-------------------------------------------
     0 | D:1      | Decritt the Gargoyle Fighter began the quest for the Orb.
     0 | D:1      | Reached XP level 1. HP: 14/14 MP: 1/1
   119 | D:1      | Reached XP level 2. HP: 17/20 MP: 2/2
   523 | D:1      | Reached skill level 4 in Fighting
   702 | D:1      | Reached XP level 3. HP: 24/24 MP: 3/3
  1162 | D:3      | Reached XP level 4. HP: 2/30 MP: 4/4
  1870 | D:2      | Reached skill level 5 in Fighting
  2442 | D:3      | Noticed Jessica
  2468 | D:3      | Killed Jessica
  2469 | D:3      | Reached XP level 5. HP: 27/35 MP: 5/5
  2633 | D:3      | Noticed an ice beast
  2641 | D:3      | Killed an ice beast
  2976 | D:3      | Found a radiant altar of Vehumet.
  3066 | D:3      | Found a hide-covered altar of Uskayaw.
  3383 | D:4      | Found Leafav's Book Shoppe.
  3385 | D:4      | Reached XP level 6. HP: 41/41 MP: 6/6
  3483 | D:4      | Found a staircase to the Ecumenical Temple.
  3534 | Temple   | Entered the Ecumenical Temple
  3681 | D:4      | Reached skill level 6 in Fighting
  3684 | D:4      | Found a bloodstained altar of Trog.
  3710 | D:4      | Noticed a black bear
  3724 | D:4      | Killed a black bear
  3995 | D:4      | Reached XP level 7. HP: 31/47 MP: 7/7
  4557 | D:4      | Identified the +1 leather armour of Noughts and Crosses
                  | {Str+6}
  4647 | D:5      | Entered Level 5 of the Dungeon
  5014 | D:5      | Reached skill level 7 in Fighting
  5118 | D:5      | Found the amulet of Elemental Vulnerability {rPois rF--
                  | rC-- AC+8}
  5281 | D:5      | Reached skill level 5 in Armour
  5468 | D:6      | Reached skill level 5 in Shields
  5495 | D:6      | Found a glowing drain.
  5499 | Sewer    | Entered a sewer
  5742 | Sewer    | Reached XP level 8. HP: 48/53 MP: 8/8
  6375 | D:6      | Reached skill level 8 in Fighting
  6774 | D:6      | Found a sparkling altar of Nemelex Xobeh.
  7380 | D:7      | Noticed Duvessa
  7382 | D:7      | Noticed Dowan
  7395 | D:7      | Killed Duvessa
  7396 | D:7      | Found a shimmering altar of Xom.
  7403 | D:7      | Killed Dowan
  7404 | D:7      | Reached XP level 9. HP: 33/60 MP: 9/9
  7580 | D:7      | Reached skill level 9 in Fighting
  7822 | D:7      | Identified the +1 leather armour of Abriemeh {Will+ MP+9
                  | SInv}
  7855 | D:7      | Found a hazy altar of Hepliaklqana.
  7935 | D:7      | Found an iron altar of Okawaru.
  7956 | D:7      | Noticed Maggie
  7967 | D:7      | Killed Maggie
  8246 | D:7      | Reached skill level 10 in Fighting
  8675 | D:8      | Found a flagged portal.
  8683 | Bailey   | Entered a bailey
  9212 | Bailey   | Noticed an orc knight
  9373 | Bailey   | Mangled by an orc knight

Illustrated notes

Levels and vault maps discovered:
D:1:      amcnicky_arrival_choice, layout_loops_cross
D:2:      layout_basic
D:3:      layout_rooms, eat_drink_and_be_merry_uskayaw,
          nicolae_vehumet_radiance, skrybe_limestone_x, uniq_jessica
D:4:      layout_gridville, marbit_many_paths, minmay_temple_entry_ruins,
          serial_shops, nicolae_stop_n_shop_1, minmay_misc_feat_more_columns,
          minivault_14
D:5:      layout_loops_ring
D:6:      layout_loops_ring, mainiacjoe_overflow_alcove_1,
          lightli_sewer_entry_pipes
D:7:      minmay_general_purpose_star, layout_cave_pools, lemuel_doored_altar,
          mainiacjoe_overflow_tiny_flanked, lemuel_crystal_altar,
          minmay_diced_spiral, uniq_maggie, uniq_duvessa
D:8:      layout_cave_pools, enter_bailey_3, hangedman_abyss_or_decor_stagger,
          uniq_pikel
Temple:   nicolae_temple_ecumenical_triangle
Bailey:   bailey_polearm_5, bailey

Skill      XL: |  1  2  3  4  5  6  7  8  9 |
---------------+----------------------------+-----
Fighting       | 4 5 6 7 8 10 | 10.3
Maces & Flails | 3 |  3.9
Armour         | 4 5 7 9 |  9.1
Shields        | 4 5 6 7 |  7.3

Action                   |  1- 3 |  4- 6 |  7- 9 || total
-------------------------+-------+-------+-------++-------
Melee: Flail             |   104 |    78 |       ||   182
       Demon trident     |       |    51 |   389 ||   440
       Morningstar       |       |       |    58 ||    58
Throw: Dart              |       |     8 |    97 ||   105
  Use: Potion            |       |     1 |     1 ||     2
       Scroll            |       |       |    20 ||    20
Armor: Scale mail        |    67 |    84 |   417 ||   568
Dodge: Dodged            |    34 |    39 |   164 ||   237
Block: Buckler           |     2 |       |       ||     2
       Tower shield      |    88 |    97 |   465 ||   650

Table legend: (Time is in decaauts)
 A = Elapsed time spent in this place.
 B = Non-inter-level travel time spent in this place.
 C = Inter-level travel time spent in this place.
 D = Time resting spent in this place.
 E = Time spent auto-exploring this place.
 F = Levels seen in this place.
 G = Mean time per level.
                   A        B        C        D        E       F      G
               +--------+--------+--------+--------+--------+-----+--------+
         Total |   9916 |   9602 |    314 |   2107 |   5389 |  11 |  901.5 |
       Dungeon |   8307 |   8007 |    300 |   1700 |   4697 |   8 | 1038.4 |
        Temple |     43 |     29 |     14 |      0 |     18 |   1 |   43.0 |
         Sewer |    832 |    832 |      0 |      0 |    521 |   1 |  832.0 |
        Bailey |    732 |    732 |      0 |    407 |    153 |   1 |  732.0 |
               +--------+--------+--------+--------+--------+-----+--------+

Top non-repeatable levels by time:
     D:7: 1537 daAuts
     D:3: 1501 daAuts
     D:4: 1278 daAuts
     D:2: 1081 daAuts
     D:6: 1065 daAuts
     D:1: 965 daAuts
   Sewer: 832 daAuts
     D:5: 778 daAuts
  Bailey: 732 daAuts
     D:8: 99 daAuts
  Temple: 43 daAuts
